 Dungeon Crawl Stone Soup version 0.24-a0-358-g53aee78b01 (webtiles) character file.

Game seed: 8223676740464269973

76 HAL9000 the Sneak (level 4, -2/23 HPs)
             Began as a Vine Stalker Assassin on May 25, 2019.
             Killed from afar by Ijyb (18 damage)
             ... with an iceblast
             ... on level 3 of the Dungeon.
             The game lasted 00:02:39 (1538 turns).

HAL9000 the Sneak (Vine Stalker Assassin)           Turns: 1538, Time: 00:02:39

Health: -2/23      AC:  3    Str: 16    XL:     4   Next: 32%
Magic:  0/5        EV: 11    Int: 12    God:
Gold:   75         SH:  0    Dex: 16    Spells: 3/3 levels left

rFire    + . .     SeeInvis .   a - +2 dagger
rCold    x . .     Gourm    .   (no shield)
rNeg     . . .     Faith    .   b - +0 robe
rPois    .         Spirit   +   (no helmet)
rElec    .         Reflect  .   c - +0 cloak
rCorr    .         Harm     .   (no gloves)
MR       .....                  (no boots)
Stlth    +++.......             k - amulet of inaccuracy (curse)
HPRegen  0.47/turn              h - +3 ring of strength
MPRegen  0.09/turn              m - ring of fire

@: no status effects
A: fangs 2, regeneration 1, magic shield, antimagic bite, no potion heal 3, rot
immunity
a: no special abilities


You were on level 3 of the Dungeon.
You were not hungry.

You visited 1 branch of the dungeon, and saw 3 of its levels.

You collected 75 gold pieces.

Inventory:

Hand Weapons
 a - a +2 dagger (weapon)
Missiles
 d - 18 poisoned darts (quivered)
 e - 2 curare-tipped darts
Armour
 b - a +0 robe (worn)
 c - a +0 cloak (worn)
Jewellery
 h - a +3 ring of strength (left hand)
 k - a cursed amulet of inaccuracy (around neck)
 m - a ring of fire (right hand)
Scrolls
 g - a scroll of fear {unknown}
 j - 2 scrolls of remove curse {unknown}
 n - a scroll of amnesia {unknown}
 o - a scroll of blinking {unknown}
Potions
 i - a potion of degeneration {unknown}
 l - a potion of heal wounds {unknown}
Comestibles
 f - 2 rations


   Skills:
 - Level 1.7 Fighting
 + Level 4.0 Short Blades
 - Level 1.7 Throwing
 - Level 0.7 Dodging
 - Level 4.8 Stealth


You had 3 spell levels left.
You didn't know any spells.
Your spell library was empty.

Dungeon Overview and Level Annotations

Branches:
Dungeon (3/15)

Altars:

Annotations:
D:3 Ijyb


Innate Abilities, Weirdness & Mutations

You have extremely sharp teeth.
Your natural rate of healing is unusually fast.
When hurt, damage is shared between your health and your magic reserves.
Your bite disrupts and absorbs the magic of your enemies.
Potions cannot restore your health.
You are immune to rotting.


Message History

You miss the leopard gecko.
Ijyb shouts!
The leopard gecko bites you but does no damage.
You hit the leopard gecko but do no damage.
Your bite misses the leopard gecko. You miss the leopard gecko.
Your bite misses the leopard gecko. The leopard gecko misses you.
You hit the leopard gecko. Your bite misses the leopard gecko.
The leopard gecko is moderately wounded.
The leopard gecko bites you.
Ijyb zaps a wand.
The mass of ice explodes!
The iceblast engulfs you!
You feel a painful chill!
The iceblast engulfs the leopard gecko!!
The leopard gecko dies!
You hear a shout!
Unknown command.
A hobgoblin comes into view. It is wielding a +0 club.
Ijyb zaps a wand.
The mass of ice explodes!
The iceblast engulfs you!!
You feel a painful chill!
Ouch! That really hurt!
You die...

##.#.... ####..#...
.........# .... .........
#...# ........# #...#
.....>.†# #... ........#
#..# ..g....g#####..#
#######
..........@##..####.<...#
.......###..............###
......#######†....)........
##.............†...........
#....#####....#####.#####..
..... .....#### #.....###
#..## #..#.[#######........
.. .................. # #
#..............<.


You could see Ijyb.

Vanquished Creatures
  Terence (D:2)
  An adder (D:2)
  A worm (D:3)
  A dart slug (D:2)
  2 leopard geckos
  2 ball pythons
  5 bats
  2 giant cockroaches (D:1)
  3 hobgoblins
  4 kobolds
  3 frilled lizards
  6 goblins
  5 rats
36 creatures vanquished.

Vanquished Creatures (others)
  A leopard gecko (D:3)
1 creature vanquished.

Grand Total: 37 creatures vanquished

Notes
Turn   | Place    | Note
-------+----------+-------------------------------------------
     0 | D:1      | HAL9000 the Vine Stalker Assassin began the quest for the
                  | Orb.
     0 | D:1      | Reached XP level 1. HP: 11/11 MP: 2/2
   121 | D:1      | Reached XP level 2. HP: 10/15 MP: 3/3
   727 | D:2      | Reached XP level 3. HP: 14/18 MP: 4/4
   893 | D:2      | Noticed Terence
   927 | D:2      | Killed Terence
  1194 | D:2      | Gained mutation: Your natural rate of healing is unusually
                  | fast. [Vine Stalker growth]
  1194 | D:2      | Reached XP level 4. HP: 23/23 MP: 5/5
  1523 | D:3      | Noticed Ijyb
  1538 | D:3      | Killed from afar by Ijyb

Levels and vault maps discovered:
D:1:      minmay_arrival_arboretum_small, layout_basic, serial_bayou_ford_a
D:2:      layout_rooms, uniq_terence
D:3:      minmay_door_path, layout_rooms, gammafunk_ghost_nasty_kobolds,
          uniq_natasha, uniq_ijyb, uniq_jessica

Skill      XL: |  1  2  3  4 |
---------------+-------------+-----
Short Blades   | 2 3 4 |  4.0
Fighting       | |  1.7
Throwing       | |  1.7
Dodging        | |  0.7
Stealth        | |  4.8

Action                   |  1- 3 |  4- 6 || total
-------------------------+-------+-------++-------
Melee: Dagger            |    72 |    23 ||    95
       Bite              |    18 |     6 ||    24
Throw: Dart              |    11 |     8 ||    19
  Use: Scroll            |     2 |       ||     2
 Stab: Sleeping          |    10 |     1 ||    11
  Eat: Chunk             |     1 |     1 ||     2
Armor: Robe              |    21 |     6 ||    27
Dodge: Dodged            |    34 |     6 ||    40

Table legend:
 A = Non-vault XP
 B = Vault XP
 C = Vault XP percentage of total XP
 D = Non-vault monster count
 E = Vault monster count
 F = Vault count percentage of total count
                 A         B        C        D         E       F
            +---------+---------+-------+---------+---------+-------
      Total |      73 |      36 |  33.0 |      36 |       1 |   2.7
            +---------+---------+-------+---------+---------+-------
        D:1 |      28 |       0 |   0.0 |      17 |       0 |   0.0
        D:2 |      30 |      36 |  54.5 |      11 |       1 |   8.3
        D:3 |      15 |       0 |   0.0 |       8 |       0 |   0.0
            +---------+---------+-------+---------+---------+-------
